 Dungeon Crawl Stone Soup version 0.27.1-34-g3ba077fa99 (webtiles) character file.

Game seed: 1675340815320126929

93 Descartes the Grasshopper (level 4, -4/33 HPs)
             Began as a Formicid Warper on Jan 16, 2022.
             Was a Follower of Trog.
             Slain by Crazy Yiuf (13 damage)
             ... on level 2 of the Dungeon.
             The game lasted 00:03:39 (2395 turns).

Descartes the Grasshopper (Formicid Warper)         Turns: 2395, Time: 00:03:40

Health: -4/33      AC:  9    Str: 17    XL:     4   Next: 91%
Magic:  7/7        EV:  5    Int: 12    God:    Trog [*.....]
Gold:   81         SH:  8    Dex: 10    Spells: 7/7 levels left

rFire    . . .     SeeInvis +   a - +0 mace
rCold    . . .     Faith    .   g - +0 kite shield
rNeg     . . .     Spirit   .   b - +0 chain mail
rPois    .         Reflect  .   (helmet unavailable)
rElec    .         Harm     .   (no cloak)
rCorr    .         Rampage  .   (no gloves)
Will     .....                  (no boots)
Stlth    ..........             (no amulet)
HPRegen  0.11/turn              (no ring)
MPRegen  0.10/turn              (no ring)

@: lethally poisoned (-4 -> -15)
A: permanent stasis, dig shafts and tunnels, antennae 3, four strong arms
a: Dig, Shaft Self, Renounce Religion


You were on level 2 of the Dungeon.
You worshipped Trog.
Trog was aware of your devotion.
You visited 1 branch of the dungeon, and saw 2 of its levels.

You collected 81 gold pieces.

Inventory:

Hand Weapons
 a - a +0 mace (weapon)
Missiles
 c - 5 boomerangs of dispersal (quivered)
 m - 15 stones
Armour
 b - a +0 chain mail (worn)
 g - a +0 kite shield (worn)
Wands
 j - a wand of mindburst (11)
Scrolls
 d - 3 scrolls of identify {unknown}
 i - a scroll of noise
 k - a scroll of teleportation {unknown}
Potions
 e - 2 potions of attraction
 f - a potion of haste {unknown}


   Skills:
 - Level 2.1 Fighting
 - Level 2.0 Maces & Flails
 - Level 1.0 Throwing
 + Level 3.1 Armour
 - Level 1.7 Dodging
 + Level 1.9 Shields
 - Level 2.1 Spellcasting
 - Level 3.6 Translocations


You had 7 spell levels left.
You didn't know any spells.
Your spell library contained the following spells:

 Spells                   Type           Power      Damage    Failure   Level
 Gell's Gravitas          Tloc           5%         N/A       100%        3
 Lesser Beckoning         Tloc           5%         N/A       100%        3
 Teleport Other           Tloc           10%        N/A       100%        3
 Manifold Assault         Tloc           10%        N/A       100%        5
 Blink                    Tloc           Unusable   N/A       N/A         2

Dungeon Overview and Level Annotations

Branches:
Dungeon (2/15)

Altars:
Trog

Annotations:
D:2 Crazy Yiuf


Innate Abilities, Weirdness & Mutations

You cannot be hasted, slowed, berserked, paralysed or teleported.
You can dig through walls and to a lower floor.
You have a pair of large antennae on your head. (SInv)
Your four strong arms can wield two-handed weapons with a shield.


Message History

No target in view!
No target in view!
No target in view!
No target in view!
No target in view!
No target in view!
Partly explored, can't reach some places.
Partly explored, can't reach some places.
You sock the fungus!
The fungus begins to die.
The fungus is lightly damaged.
You sock the fungus!
The fungus is lightly damaged.
You sock the fungus!
The fungus is lightly damaged.
You sock the fungus!
The fungus is lightly damaged.
A nearby fungus withers and dies.
You hit the fungus.
The fungus begins to die.
The fungus is lightly damaged.
You sock the fungus!
The fungus is lightly damaged.
You sock the fungus!
The fungus is lightly damaged.
A nearby fungus withers and dies.
Found a mace.
Found a runed translucent door.
You open the door.
Crazy Yiuf grits, "Goober snail foot!"
You barely miss Crazy Yiuf. You block Crazy Yiuf's attack.
Crazy Yiuf hits you with a +3 quarterstaff of chaos.
You closely miss Crazy Yiuf.
Crazy Yiuf hits you with a +3 quarterstaff of chaos!
You are poisoned.
You hit Crazy Yiuf.
Crazy Yiuf is lightly wounded.
You feel very sick. Crazy Yiuf barely misses you.
Crazy Yiuf hits you with a +3 quarterstaff of chaos!
* * * LOW HITPOINT WARNING * * *
You are electrocuted!
You die...

.##...#..# .##..#...#
.†..#....# #..#.....#
.##..##..# .##..##..#
♣♣♣♣♣### #..#.....#
### ♣♣♣.♣.P#.##
....#....#
#...#♣..♣......##
.##..#...#
#...g@♣♣♣♣.P....#
.##...#..# #)..#♣♣
♣♣P#...# .......#.#
### ♣♣##..# ...>.....#
#..# #).......# #..#
#......###
###############.#
#.######
#...#.....#..##.#####
..#
#.....###.##........##
###
#......##..####..##...


You could see Crazy Yiuf.

Vanquished Creatures
  Terence (D:2)
  A gnoll (D:1)
  An adder (D:1)
  A dart slug (D:2)
  4 ball pythons
  6 bats
  5 endoplasms
  2 giant cockroaches
  6 goblins
  3 hobgoblins
  6 jackals
  A quokka (D:2)
  2 frilled lizards
  2 kobolds
  A rat (D:1)
42 creatures vanquished.

Vanquished Creatures (others)
  4 fungi (D:2)
  13 plants (D:2)
17 creatures vanquished.

Grand Total: 59 creatures vanquished

Notes
Turn   | Place    | Note
-------+----------+-------------------------------------------
     0 | D:1      | Descartes the Formicid Warper began the quest for the Orb.
     0 | D:1      | Reached XP level 1. HP: 16/16 MP: 3/3
   161 | D:1      | Reached XP level 2. HP: 22/22 MP: 5/5
   527 | D:1      | Reached XP level 3. HP: 8/27 MP: 6/6
  1439 | D:2      | Reached skill level 1 in Shields
  1463 | D:2      | Reached XP level 4. HP: 33/33 MP: 7/7
  1831 | D:2      | Found a faded altar of an unknown god.
  1832 | D:2      | Noticed Terence
  1860 | D:2      | Killed Terence
  1990 | D:2      | Became a worshipper of Trog the Wrathful
  1990 | D:2      | Reached * piety under Trog
  2388 | D:2      | Found a runed translucent door.
  2389 | D:2      | Noticed Crazy Yiuf
  2395 | D:2      | Slain by Crazy Yiuf

Illustrated notes

Levels and vault maps discovered:
D:1:      ncdulo_wetmaze, layout_basic
D:2:      layout_rooms, shapermc_ecumenical_altar_mp_ritualfount, minivault_26,
          uniq_terence, uniq_crazy_yiuf_cottage

Skill      XL: |  1  2  3  4 |
---------------+-------------+-----
Translocations | 3 |  3.6
Armour         | 2 3 |  3.1
Shields        | 1 |  1.9
Fighting       | |  2.1
Maces & Flails | |  2.0
Throwing       | |  1.0
Dodging        | |  1.7
Spellcasting   | |  2.1

Action                   |  1- 3 |  4- 6 || total
-------------------------+-------+-------++-------
Melee: Mace              |    77 |    82 ||   159
  Use: Potion            |     3 |     2 ||     5
       Scroll            |     1 |       ||     1
Armor: Leather armour    |     8 |       ||     8
       Ring mail         |    19 |       ||    19
       Skin              |    15 |       ||    15
       Chain mail        |     3 |    42 ||    45
Dodge: Dodged            |    45 |    23 ||    68
Block: Kite shield       |    38 |    37 ||    75
